 Dungeon Crawl Stone Soup version 0.25-a0-503-ge281fa673e (webtiles) character file.

Game seed: 11919791440476031262, levelgen mode: classic

12 EnegeticOcto the Covered (level 2, -2/27 HPs)
             Began as a Deep Dwarf Fighter on Feb 13, 2020.
             Killed from afar by Sigmund (3 damage)
             ... with a magic dart
             ... on level 3 of the Dungeon.
             The game lasted 00:00:15 (187 turns).

EnegeticOcto the Covered (Deep Dwarf Fighter)        Turns: 187, Time: 00:00:15

Health: -2/27      AC:  6    Str: 19    XL:     2   Next: 20%
Magic:  1/1        EV:  7    Int:  8    God:
Gold:   0          SH:  9    Dex: 12    Spells: 1/1 levels left

rFire    . . .     SeeInvis .   a - +0 war axe
rCold    . . .     Gourm    .   c - +0 kite shield
rNeg     . . .     Faith    .   b - +0 scale mail
rPois    .         Spirit   .   (no helmet)
rElec    .         Reflect  .   (no cloak)
rCorr    .         Harm     .   (no gloves)
MR       .....                  (no boots)
Stlth    ..........             (no amulet)
HPRegen  0.00/turn              (no ring)
MPRegen  0.07/turn              (no ring)

@: non-regenerating
A: damage resistance, heal wounds, sense surroundings 1, no regeneration
a: Heal Wounds


You were on level 3 of the Dungeon.
You were not hungry.

You visited 1 branch of the dungeon, and saw 3 of its levels.

Inventory:

Hand Weapons
 a - a +0 war axe (weapon)
Armour
 b - a +0 scale mail (worn)
 c - a +0 kite shield (worn)
Scrolls
 f - 2 scrolls of immolation {unknown}
 h - a scroll of identify {unknown}
Potions
 d - a potion of might {@q3}
Comestibles
 e - a ration
 g - 6 chunks of flesh


   Skills:
 + Level 2.8 Fighting
 * Level 2.6 Axes
 + Level 3.4 Armour
 + Level 0.6 Dodging
 + Level 3.3 Shields


You had one spell level left.
You didn't know any spells.
Your spell library was empty.

Dungeon Overview and Level Annotations

Branches:
Dungeon (3/15)

Altars:

Annotations:
D:3 Sigmund


Innate Abilities, Weirdness & Mutations

You are resistant to damage.
You can heal yourself by infusing magical energy.
You passively map a small area around you.
You do not regenerate.


Message History

You butcher the rat corpse.
g - 4 chunks of flesh (gained 1)
You see here a rat skeleton. x2
You see here a rat skeleton.
Found a leather armour.
h - a scroll labeled BUEGHE EPOWN A dart slug comes into view.
The dart slug launches a dart at you. The slug dart misses you.
Found a stone staircase leading down.
You slash the dart slug!
The dart slug is severely wounded.
You block the dart slug's attack.
You completely miss the dart slug.
The dart slug is severely wounded.
The dart slug barely misses you.
You hit the dart slug.
You kill the dart slug!
You have reached level 2!
(D) Dungeon
Where to? (Enter - D:3, ? - help)
You butcher the dart slug corpse.
g - 6 chunks of flesh (gained 2)
There is a stone staircase leading down here.
You climb downwards.
You hear the sound of rushing water.
There is an entrance to a sewer on this level.
Hurry and find it before the portal rusts away!
There is a stone staircase leading up here.
An orc and Sigmund come into view.
Sigmund is wielding a +7 vorpal scythe and wearing a +2 robe of cold resistance.
There are monsters nearby!
There are monsters nearby!
Found an escape hatch in the floor.
Sigmund hits you from afar with a +7 vorpal scythe.
The orc hits you with a +0 war axe.
You completely miss the orc.
Sigmund hits you from afar with a +7 vorpal scythe!
You block the orc's attack.
You hit the orc.
The orc is severely wounded.
You block Sigmund's attack. The orc hits you with a +0 war axe.
Your shield and scale mail prevent you from hitting the orc.
The orc is severely wounded.
Sigmund barely misses you. You block the orc's attack.
You closely miss the orc.
The orc is severely wounded.
The orc barely misses you.
Sigmund mumbles some strange words.
Sigmund flickers and vanishes!
Deactivating autopickup; reactivate with Ctrl-A.
You hit the orc.
The orc is almost dead.
You block the orc's attack. Something hits you!
* * * LOW HITPOINT WARNING * * *
You are too injured to fight recklessly!
You are too injured to fight recklessly!
You are too injured to fight recklessly!
You fail to use your ability.
You block the orc's attack. Something hits you.
You fail to use your ability.
The orc hits you with a +0 war axe.
You are too injured to fight recklessly!
You are too injured to fight recklessly!
You are too injured to fight recklessly!
You are too injured to fight recklessly!
You are too injured to fight recklessly!
You are too injured to fight recklessly!
You feel much better. Something hits you. The orc closely misses you.
You fail to use your ability.
Something hits you but does no damage. The orc barely misses you.
You slash the orc!
You kill the orc!
Something hits you but does no damage.
No target in view!
No target in view!
No target in view!
No target in view!
No target in view!
No target in view!
A bat comes into view.
You see here a +0 war axe.
You slash something! Something hits you but does no damage.
The bat hits you but does no damage.
You slash the bat!
You kill the bat!
You miss something. Something hits you!
Your magical essence is drained by the effort!
You feel much better. Something hits you.
You closely miss something. Something hits you.
You closely miss something. Something hits you!
You barely miss something.
You hear some strange, mumbled words.
A puff of flame appears from out of thin air!
The puff of flame hits you.
* * * LOW HITPOINT WARNING * * *
You closely miss something. Something hits you!
* * * LOW HITPOINT WARNING * * *
x2 You closely miss something.
You hear some strange, mumbled words.
A magic dart appears from out of thin air!
The magic dart hits you.
You die...

, * ,....... * ,
,..... , ,..... *
* #...# * ,* #...#
#...# , * * #>†{#
, *#@#* , , * ,
#.# * #.# ,
####.###### *
#........... *,
#######..#......#.
#........##.......
, ..######<#
.....##,* < *
#.#,##..##


There were no monsters in sight!

Vanquished Creatures
  A dart slug (D:2)
  An orc (D:3)
  A goblin (D:1)
  A kobold (D:1)
  3 bats
  3 rats
10 creatures vanquished.

Notes
Turn   | Place    | Note
-------+----------+-------------------------------------------
     0 | D:1      | EnegeticOcto the Deep Dwarf Fighter began the quest for the
                  | Orb.
     0 | D:1      | Reached XP level 1. HP: 20/20 MP: 1/1
   157 | D:2      | Reached XP level 2. HP: 27/27 MP: 2/2
   165 | D:3      | Noticed Sigmund
   186 | D:3      | HP: 1/27 [something (1)]
   187 | D:3      | Killed from afar by Sigmund

Levels and vault maps discovered:
D:1:      dpeg_arrival_ternary, layout_basic, supply_closet_lemuel
D:2:      layout_basic, nicolae_overflow_hidden_temple, bloody_trog,
          first_ration, hangedman_decor_push, nicolae_ru_awakened_eye
D:3:      layout_loops_cross, gup_sewer_entry_glass, minmay_splitting_lines,
          kennysheep_nondescript, nemelex_spade_bored_becter, uniq_sigmund

Action                   || total
-------------------------++-------
Melee: War axe           ||    36
 Abil: Heal Wounds       ||     2
Armor: Scale mail        ||    17
Dodge: Dodged            ||    14
Block: Kite shield       ||    15

Table legend:
 A = Non-vault XP
 B = Vault XP
 C = Vault XP percentage of total XP
 D = Non-vault monster count
 E = Vault monster count
 F = Vault count percentage of total count
                 A         B        C        D         E       F
            +---------+---------+-------+---------+---------+-------
      Total |      18 |       0 |   0.0 |      10 |       0 |   0.0
            +---------+---------+-------+---------+---------+-------
        D:1 |       9 |       0 |   0.0 |       6 |       0 |   0.0
        D:2 |       5 |       0 |   0.0 |       2 |       0 |   0.0
        D:3 |       4 |       0 |   0.0 |       2 |       0 |   0.0
            +---------+---------+-------+---------+---------+-------
